AoeStats
← Lord RDB

Scandinavia

510302533Analyzed
1v1 RM · 23h ago on Sep 30, 2026· 38m 4s· 2 players
Game mode
Random Map
Map size
Tiny (2 player)
Population
200
Speed
Normal
Resources
Standard
Victory
Conquest
Starting age
Dark Age
Ending age
Imperial Age
RankedLock teamsTeams togetherTeam positionsShared explorationLock speedFull tech treeHidden civsTurbo modeCheats
Victory
Defeat
🇦🇪 Persians · United Arab Emirates
1399
+15
🇬🇧 Lithuanians · United Kingdom
1370
-15
alex
2:30 Loom
10:20 Feudal Age
10:48 Double-Bit Axe
16:07 Castle Age
15:21 Bloodlines
17:46 Gold Mining
18:15 Medium Warships
19:05 Scale Barding Armor
21:45 Forging
28:11 Wheelbarrow
29:06 Iron Casting
29:14 Pikeman
29:51 Town Watch
32:00 Scale Mail Armor
33:24 Fishing Lines
36:45 Imperial Age
Lord RDB
6:28 Loom
10:26 Feudal Age
10:51 Double-Bit Axe
17:48 Castle Age
16:46 Fletching
18:53 Wheelbarrow
18:32 Scale Barding Armor
19:05 Bloodlines
20:48 Chain Barding Armor
21:28 Horse Collar
23:50 Gold Mining
25:41 Bow Saw
27:06 Forging
29:02 Husbandry
32:38 Iron Casting
32:24 Squires
33:43 Gold Shaft Mining
33:55 Light Cavalry
Connection lost

Rejoining the realm…

Still unreachable

The connection could not be restored.

Session expired

The server has moved on; the page needs a fresh start.